 Dungeon Crawl Stone Soup version 0.25.0-37-gb73750e0fb (webtiles) character file.

Game seed: 4598660456540669558

201049 protoss039 the Warrior (level 17, -1/172 HPs)
             Began as a Minotaur Berserker on July 8, 2020.
             Was the Champion of Trog.
             Slain by a naga warrior
             ... wielding a +0 war axe
              (4 damage)
             ... on level 4 of the Snake Pit.
             The game lasted 02:22:33 (43567 turns).

protoss039 the Warrior (Minotaur Berserker)        Turns: 43567, Time: 02:22:34

Health: -1/172     AC: 34    Str: 27    XL:     17   Next: 90%
Magic:  16/16      EV:  8    Int:  6    God:    Trog [******]
Gold:   2780       SH: 14    Dex: 10    Spells: 16/16 levels left

rFire    . . .     SeeInvis .   Z - +1 war axe "Haunted Gram" {vorpal, rPois MR+}
rCold    + . .     Gourm    .   M - +0 kite shield
rNeg     . . .     Faith    .   W - +0 crystal plate armour
rPois    +         Spirit   .   P - +2 hat
rElec    .         Reflect  .   X - +0 cloak {rPois}
rCorr    +         Harm     .   D - +0 pair of gloves
MR       ++++.                  T - +0 pair of boots
Stlth    ..........             (no amulet)
HPRegen  1.38/turn              G - ring of resist corrosion
MPRegen  0.15/turn              K - ring of protection from cold

@: lethally poisoned (-1 -> -1), berserk cooldown, very slightly contaminated,
regenerating, slowed, invisible, very slow
A: retaliatory headbutt, horns 2, blink, clever 1, clumsy 1
}: 1/15 runes: decaying
a: Blink, Berserk, Trog's Hand, Brothers in Arms, Renounce Religion


You were on level 4 of the Snake Pit.
You worshipped Trog.
Trog was exalted by your worship.
You were not hungry.

You visited 5 branches of the dungeon, and saw 31 of its levels.
You visited the Abyss 1 time.

You collected 3674 gold pieces.
You spent 894 gold pieces at shops.

Inventory:

Hand Weapons
 F - a +2 scimitar of flaming
 V - a +2 broad axe
 Y - the cursed +1 scimitar of Instant Death {freeze, rElec rF+ rN++ Str-4}
   (You took it off an orc knight on level 1 of the Orcish Mines)

   It has been specially enchanted to freeze those struck by it, causing extra
   injury to most foes and up to half again as much damage against particularly
   susceptible opponents.
   It can also slow down cold-blooded creatures.
   It affects your strength (-4).
   It protects you from fire.
   It insulates you from electricity.
   It greatly protects you from negative energy.
   It has a curse placed upon it.
 Z - the +1 war axe "Haunted Gram" (weapon) {vorpal, rPois MR+}
   (Trog gifted it to you on level 1 of the Snake Pit)

   It inflicts extra damage upon your enemies.
   It protects you from poison.
   It affects your resistance to hostile enchantments.
Missiles
 E - 34 boomerangs (quivered)
 L - 11 silver boomerangs
Armour
 y - the +10 tower shield of Ignorance {rN+ Int-4}
   (You bought it in a shop on level 2 of the Orcish Mines)

   It affects your intelligence (-4).
   It protects you from negative energy.
 D - a +0 pair of gloves (worn)
 M - a +0 kite shield (worn)
 P - a +2 hat (worn)
 T - a +0 pair of boots (worn)
 W - a +0 crystal plate armour (worn)
 X - a +0 cloak of poison resistance (worn)
Jewellery
 a - an uncursed ring of positive energy
 b - an uncursed ring of fire
 t - an uncursed ring of poison resistance
 G - a ring of resist corrosion (left hand)
 K - a ring of protection from cold (right hand)
Wands
 f - a wand of enslavement (27)
 o - a wand of disintegration (13)
 p - a wand of digging (4)
 s - a wand of flame (56)
 x - a wand of polymorph (6)
 B - a wand of clouds (5)
 I - a wand of paralysis (5)
Scrolls
 d - 5 scrolls of magic mapping
 g - 6 scrolls of fog
 h - 7 scrolls of enchant weapon
 k - 11 scrolls of enchant armour
 l - 3 scrolls of immolation
 m - a scroll of holy word
 r - 5 scrolls of teleportation
 v - a scroll of fear
 w - 14 scrolls of remove curse
 H - 4 scrolls of blinking
 S - 5 scrolls of identify
Potions
 e - 10 potions of flight
 i - 2 potions of mutation
 j - 2 potions of curing
 n - 4 potions of haste
 q - a potion of magic
 u - a potion of cancellation
 z - 3 potions of invisibility
 A - a potion of berserk rage
 C - 3 potions of ambrosia
 J - 2 potions of might
 O - 2 potions of resistance
 Q - 6 potions of stabbing
 R - a potion of lignification
Comestibles
 c - 41 rations


   Skills:
 + Level 20.6 Fighting
 - Level 18.0 Axes
 + Level 20.4 Armour
 - Level 2.1 Dodging
 - Level 15.0 Shields
 - Level 1.1 Evocations


You had 16 spell levels left.
You didn't know any spells.
Your spell library was empty.

Dungeon Overview and Level Annotations

Branches:
Dungeon (15/15)            Temple (0/1) D:5            Lair (6/6) D:8
  Swamp (4/4) Lair:2        Snake (4/4) Lair:2        Slime (0/5) Lair:6
    Orc (2/2) D:12            Elf (0/3) Orc:2        Vaults (0/5) D:14
 Depths: D:15

Altars:
Fedhas
Sif Muna
Trog
Zin
The Shining One
Beogh
Jiyva

Shops:
D:5 }   D:6 ([=(   D:7 (   D:8 *   Orc:1 }%*   Orc:2 ([*%:[[(!   Snake:1 [(

Annotations:
D:4 2 transporters
D:14 2 exclusions
Lair:4 1 runed translucent door, simples's ghost, journeyman DrCj
Lair:6 2 exclusions
Swamp:3 2 transporters, Laceobuo's ghost, adept MiFi
Orc:1 1 exclusion


Innate Abilities, Weirdness & Mutations

You reflexively headbutt those who attack you in melee.
You have a pair of horns on your head.
You can translocate small distances at will.
Your mind is acute. (Int +2)
You are clumsy. (Dex -2)


Message History

You are exhausted.
You feel yourself slow down.
Unknown command.
Unknown command.
You fade into invisibility!
You feel sick.
The naga sharpshooter shoots a bolt.
The bolt hits you.
* * * LOW HITPOINT WARNING * * *
The naga warrior spits poison at you. You block the splash of poison.
You are very lightly contaminated with residual magic.
Unknown command.
Unknown command.
Unknown command.
Okay, then.
As you read the scroll of summoning, it crumbles to dust.
Wisps of shadow whirl around you...
You feel sick.
The naga sharpshooter shoots a bolt.
The bolt hits you!
* * * LOW HITPOINT WARNING * * *
The naga warrior hits you with a +0 war axe.
You die...

#.# ### ### ##.# #.## ##.#
#.## ##.### ##..# ##.#
##....####...# ##..#
#..........[## #...#
##.....))....# ##...#
##....N.)N....# ###...)##
##.SN######....#
........####...N@N...##..##
..........#######.....#..#
...##'##.## #.....+#.##
...#...### #.....#..#
...#....# #.....#.##
..##....# ###....#.##
.)#....#### #.#.#.'#..##
..#....'..## ##.#####N...####
..######...###..............#


You could see a naga warrior (catching breath), 2 naga sharpshooters, a friendly
black mamba (summoned) and a friendly naga (summoned).

Vanquished Creatures
  Vashnia (Snake:3)
  Jorgrun (D:13)
  Kirke (Lair:6)
  2 thorn hunters
  8 nagarajas
  A stone giant (Orc:1)
  An ironheart preserver (D:14)
  The ghost of xccam the Wallflower, a journeyman OpAs of Uskayaw (Orc:1)
  11 naga warriors
  Josephine (D:13)
  14 hydras
  Harold (D:9)
  5 shambling mangroves
  14 anacondas
  4 catoblepae (Lair:6)
  Erica (D:8)
  A centaur warrior (D:13)
  12 alligators
  2 ghost crabs
  7 death yaks (Lair:6)
  5 two-headed ogres
  7 shock serpents
  Urug (D:10)
  13 naga sharpshooters
  Nergalle (Lair:2)
  Sonja (D:13)
  3 skeletal warriors (D:15)
  2 spriggan druids
  An unseen horror (D:11)
  4 salamander mystics
  3 naga ritualists
  8 mana vipers
  13 swamp dragons
  3 deep elf magi
  2 orc sorcerers
  8 orc knights
  4 salamanders
  3 ugly things (D:14)
  3 manticores
  A salamander (shapeshifter) (D:15)
  4 cyclopes
  3 elephants (Lair:3)
  Maurice (D:11)
  2 moths of wrath (Orc:1)
  Joseph (D:9)
  A guardian serpent (Snake:4)
  32 black mambas
  Psyche (D:10)
  10 spiny frogs
  6 naga magi
  2 gargoyles (D:14)
  Maggie (D:8)
  An efreet (D:13)
  3 kobold demonologists (D:13)
  8 rime drakes
  A freezing wraith (D:15)
  11 komodo dragons
  3 meliai (D:15)
  2 polar bears
  8 tyrant leeches
  6 trolls
  19 hornets
  16 slime creatures
  17 blink frogs
  A hippogriff (shapeshifter) (D:14)
  7 bog bodies
  10 hippogriffs
  7 spriggans
  2 shadows
  A vampire (D:11)
  5 wraiths (D:13)
  40 yaks
  11 hogs
  8 wyverns
  Grum (D:10)
  5 basilisks
  A human (D:7)
  15 vampire mosquitoes
  46 nagas
  7 insubstantial wisps
  2 wargs
  A soldier ant (D:14)
  17 swamp worms
  An acid dragon (D:15)
  9 water moccasins
  9 porcupines
  5 sky beasts
  17 swamp drakes
  40 orc warriors
  A black bear (D:7)
  2 phantoms
  3 necrophages
  3 ice beasts
  18 ogres
  19 centaurs
  7 wolves
  10 crocodiles
  5 big kobolds
  Blork the orc (D:4)
  21 bullfrogs
  A water moccasin zombie (D:6)
  A wyvern skeleton (D:12)
  A scorpion (D:5)
  3 wights (D:6)
  2 howler monkeys
  13 crimson imps
  3 bullfrog zombies
  A quasit (D:8)
  16 orc priests
  18 orc wizards
  Crazy Yiuf (D:6)
  2 bullfrog skeletons
  5 centaur skeletons
  11 hounds
  A jelly (D:7)
  An iron imp (Orc:2)
  6 iguanas
  9 worker ants
  3 hound zombies
  A worker ant zombie (D:5)
  6 adders
  4 shadow imps
  A white imp (Orc:2)
  An ooze (D:4)
  2 adder skeletons
  2 worms
  5 leopard geckos
  110 orcs
  3 giant cockroaches
  10 goblins
  7 hobgoblins
  7 jackals
  24 kobolds
  6 quokkas
  A ball python (D:3)
  9 bats
  2 frilled lizards (D:2)
  A leopard gecko skeleton (D:7)
  A leopard gecko zombie (D:7)
  9 rats
  4 fungi
  2 plants
1008 creatures vanquished.

Vanquished Creatures (others)
  A naga sharpshooter (Snake:2)
  A spriggan druid (Swamp:4)
  2 swamp worms
  A briar patch (Swamp:2)
  4 fungi
  6 plants
15 creatures vanquished.

Grand Total: 1023 creatures vanquished

Notes
Turn   | Place    | Note
-------+----------+-------------------------------------------
     0 | D:1      | protoss039 the Minotaur Berserker began the quest for the
                  | Orb.
     0 | D:1      | Reached XP level 1. HP: 19/19 MP: 0/0
   200 | D:1      | Reached XP level 2. HP: 25/27 MP: 1/1
   736 | D:2      | Reached XP level 3. HP: 27/34 MP: 2/2
   925 | D:2      | Reached ** piety under Trog
   945 | D:2      | Reached skill level 5 in Axes
   945 | D:2      | Reached XP level 4. HP: 40/41 MP: 3/3
  1142 | D:2      | Found a faded altar of an unknown god.
  1816 | D:3      | Reached XP level 5. HP: 35/47 MP: 4/4
  2085 | D:3      | Reached *** piety under Trog
  2085 | D:3      | Reached skill level 5 in Fighting
  2444 | D:4      | Found a transporter.
  2497 | D:4      | Noticed an ogre
  2509 | D:4      | Killed an ogre
  2696 | D:4      | Reached XP level 6. HP: 41/56 MP: 5/5
  2909 | D:4      | Noticed Blork the orc
  2920 | D:4      | Killed Blork the orc
  2920 | D:4      | Reached skill level 5 in Armour
  2922 | D:4      | Found a transporter.
  3506 | D:5      | Entered Level 5 of the Dungeon
  3519 | D:5      | Found a staircase to the Ecumenical Temple.
  3543 | D:5      | Found a blossoming altar of Fedhas.
  3683 | D:5      | Reached XP level 7. HP: 61/61 MP: 6/6
  4107 | D:5      | Found Waadeta's Gadget Shop.
  4492 | D:6      | Found a shimmering blue altar of Sif Muna.
  4515 | D:6      | Found Geazukk's Antique Weapon Shoppe.
  4548 | D:6      | Found Satwijot's Antique Armour Shoppe.
  4630 | D:6      | Reached XP level 8. HP: 70/70 MP: 7/7
  4842 | D:6      | Found Ewubbit's Antique Weapon Boutique.
  4904 | D:6      | Found Jidaiz's Assorted Antiques.
  4922 | D:6      | Identified Sif Muna's Incunabulum of Shifting Poisoning
  4964 | D:6      | Found Untekoi's Jewellery Shop.
  5007 | D:6      | Found a glowing silver altar of Zin.
  5151 | D:6      | Found a runed translucent door.
  5152 | D:6      | Noticed Crazy Yiuf
  5496 | D:6      | Killed Crazy Yiuf
  5496 | D:6      | Reached skill level 10 in Axes
  5616 | D:7      | Reached **** piety under Trog
  5616 | D:7      | Reached XP level 9. HP: 78/78 MP: 8/8
  5665 | D:7      | Found Ewyusmy's Antique Weapon Shop.
  6703 | D:8      | Noticed a two-headed ogre
  6714 | D:8      | Killed a two-headed ogre
  6951 | D:8      | Noticed Maggie
  6962 | D:8      | Killed Maggie
  6962 | D:8      | Reached skill level 10 in Armour
  6962 | D:8      | Reached XP level 10. HP: 70/89 MP: 9/9
  7356 | D:8      | Noticed Erica
  7376 | D:8      | Killed Erica
  7376 | D:8      | Reached skill level 1 in Evocations
  7824 | D:8      | Found a staircase to the Lair.
  7904 | D:8      | Found Uxtij's Assorted Antiques.
  7907 | D:8      | Bought a scroll labeled HUESET DYEH for 32 gold pieces
  7907 | D:8      | Bought a yellow potion for 28 gold pieces
  7907 | D:8      | Bought a scroll labeled IDGHOU EPSE for 32 gold pieces
  8486 | D:9      | Noticed Joseph
  8500 | D:9      | Killed Joseph
  8593 | D:9      | Reached ***** piety under Trog
  8610 | D:9      | Noticed Harold
  8632 | D:9      | Killed Harold
  9100 | D:9      | Got a polished leather armour
  9211 | D:8      | Identified the +3 leather armour of Wu Jian's Hope {*Drain
                  | +Fly rF+ SInv} (You found it on level 9 of the Dungeon)
  9226 | D:8      | Lost intelligence.
  9492 | D:10     | Entered Level 10 of the Dungeon
  9493 | D:10     | Noticed Psyche
  9503 | D:10     | Paralysed by Psyche for 4 turns
  9509 | D:10     | Killed Psyche
  9509 | D:10     | Reached XP level 11. HP: 52/99 MP: 5/10
  9778 | D:10     | Reached skill level 1 in Shields
  9876 | D:10     | Noticed Urug
  9901 | D:10     | Killed Urug
 10188 | D:10     | Reached skill level 10 in Fighting
 10243 | D:10     | Found a glowing golden altar of the Shining One.
 10283 | D:10     | Found a roughly hewn altar of Beogh.
 10286 | D:10     | Received a gift from Trog
 10313 | D:10     | HP: 4/99 [orc warrior/+0 halberd (17)]
 10323 | D:10     | Gained mutation: You are clumsy. (Dex -2) [potion of
                  | mutation]
 10323 | D:10     | Gained mutation: Your mind is acute. (Int +2) [potion of
                  | mutation]
 10323 | D:10     | Gained mutation: You can translocate small distances at
                  | will. [potion of mutation]
 10853 | D:10     | Noticed Grum
 10861 | D:10     | Killed Grum
 11134 | D:11     | Killed an unseen horror
 11826 | D:11     | Noticed Maurice
 11841 | D:11     | Killed Maurice
 12057 | D:12     | Reached skill level 15 in Axes
 12517 | D:12     | Noticed a two-headed ogre
 12525 | D:12     | Killed a two-headed ogre
 13133 | D:12     | Found a staircase to the Orcish Mines.
 13363 | D:13     | Noticed Jorgrun
 13377 | D:13     | Killed Jorgrun
 13377 | D:13     | Reached XP level 12. HP: 110/110 MP: 11/11
 13528 | D:13     | Received a gift from Trog
 13869 | D:13     | Reached skill level 5 in Shields
 13896 | D:13     | Noticed a centaur warrior
 13903 | D:13     | Killed a centaur warrior
 14085 | D:13     | Noticed a seven-headed hydra
 14096 | D:13     | Killed a three-headed hydra
 14149 | D:13     | Noticed Sonja
 14293 | D:13     | Paralysed by Sonja for 6 turns
 14294 | D:13     | Cast into level 2 of the Abyss (Sonja)
 14323 | D:13     | Escaped the Abyss
 14323 | D:13     | Paralysed by Sonja for 6 turns
 14342 | D:13     | Killed Sonja
 14753 | D:13     | Noticed Josephine
 14762 | D:13     | Killed Josephine
 15184 | D:14     | Noticed a five-headed hydra
 15763 | D:14     | Noticed an ironheart preserver
 15772 | D:14     | Killed an ironheart preserver
 15772 | D:14     | Reached XP level 13. HP: 84/119 MP: 12/12
 15998 | D:14     | Found a gate to the Vaults.
 16149 | D:15     | Entered Level 15 of the Dungeon
 16249 | D:14     | Received a gift from Trog
 17173 | D:15     | HP: 4/122 [death knight/+4 great mace (23)]
 17609 | Lair:1   | Entered Level 1 of the Lair of Beasts
 19325 | Lair:2   | Noticed Nergalle
 19346 | Lair:2   | Killed Nergalle
 19687 | Lair:2   | Found a staircase to the Snake Pit.
 20144 | Lair:2   | Found a staircase to the Swamp.
 21558 | Lair:4   | Reached XP level 14. HP: 64/130 MP: 13/13
 21885 | Lair:4   | Found a gate leading to a gauntlet.
 21929 | Lair:4   | Received a gift from Trog
 22073 | Lair:4   | Found a dark tunnel.
 22544 | Lair:4   | Found a runed translucent door.
 22546 | Lair:4   | Noticed simples's ghost (journeyman DrCj)
 23600 | Lair:6   | Entered Level 6 of the Lair of Beasts
 23608 | Lair:6   | Reached skill level 15 in Armour
 23608 | Lair:6   | Reached skill level 10 in Shields
 24024 | Lair:6   | Noticed Kirke
 24270 | Lair:6   | Found a staircase to the Slime Pits.
 24271 | Lair:6   | Found a viscous altar of Jiyva.
 24336 | Lair:6   | Reached skill level 15 in Fighting
 24854 | Lair:6   | Killed Kirke
 26112 | Orc:1    | Entered Level 1 of the Orcish Mines
 26112 | Orc:1    | Noticed a stone giant
 26129 | Orc:1    | Killed a stone giant
 26407 | Orc:1    | Found Jimmiul's General Store.
 26541 | Orc:1    | Found Hiciucze's Food Shop.
 26564 | Orc:1    | Received a gift from Trog
 26592 | Orc:1    | Found a transporter.
 26600 | Orc:1    | Identified the cursed +1 scimitar of Instant Death {freeze,
                  | rElec rF+ rN++ Str-4}
 26600 | Orc:1    | Noticed xccam's ghost (journeyman OpAs)
 26606 | Orc:1    | Found a bloodstained altar of Trog.
 26785 | Orc:1    | Found Dill's Gadget Shop.
 26788 | Orc:1    | Found a transporter.
 27020 | Orc:1    | Killed xccam's ghost
 27020 | Orc:1    | Reached XP level 15. HP: 144/144 MP: 14/14
 27198 | Orc:2    | Entered Level 2 of the Orcish Mines
 27198 | Orc:2    | Found Pealusoe's Distillery.
 27198 | Orc:2    | Found Uxkom's Weapon Boutique.
 27421 | Orc:2    | Found Toeprac's Antique Armour Emporium.
 27432 | Orc:2    | Found Saex's Armour Shoppe.
 27884 | Orc:2    | Found a staircase to the Elven Halls.
 28194 | Orc:2    | Found Riwkir's Food Shop.
 28194 | Orc:2    | Found Noenem's Book Shoppe.
 28196 | Orc:2    | Found Oneic's Antique Armour Emporium.
 28198 | Orc:2    | Found Gawuon's General Store.
 28210 | Orc:2    | Bought the +10 tower shield of Ignorance {rN+ Int-4} for
                  | 802 gold pieces
 28210 | Orc:2    | Found the +10 tower shield of Ignorance {rN+ Int-4}
 28259 | Orc:2    | Received a gift from Trog
 28476 | Orc:2    | Found Idut's Antique Weapon Shoppe.
 28957 | Swamp:1  | Entered Level 1 of the Swamp
 28961 | Swamp:1  | Noticed a thorn hunter
 28975 | Swamp:1  | Killed a thorn hunter
 29461 | Swamp:1  | Found the +5 scythe "Finisher" {speed, eviscerate}
 30053 | Swamp:2  | Noticed a thorn hunter
 30072 | Swamp:2  | Killed a thorn hunter
 30235 | Swamp:2  | Paralysed by a hornet for 3 turns
 30532 | Swamp:2  | Reached ****** piety under Trog
 31498 | Swamp:2  | Received a gift from Trog
 32378 | Swamp:3  | Noticed Laceobuo's ghost (adept MiFi)
 32380 | Swamp:3  | Found a transporter.
 32402 | Swamp:3  | Found a transporter.
 32869 | Swamp:3  | Reached XP level 16. HP: 148/155 MP: 15/15
 33233 | Swamp:4  | Entered Level 4 of the Swamp
 33665 | Swamp:4  | Received a gift from Trog
 34525 | Swamp:4  | Got a decaying rune of Zot
 35084 | Snake:1  | Entered Level 1 of the Snake Pit
 35173 | Snake:1  | Found Noluoxib's Antique Armour Boutique.
 35180 | Snake:1  | Found Mocroene's Weapon Shop.
 35966 | Snake:1  | Reached skill level 15 in Shields
 36299 | Snake:1  | Received a gift from Trog
 36300 | Snake:1  | Got a smouldering war axe {god gift}
 36301 | Snake:1  | Identified the +1 war axe "Haunted Gram" {vorpal, rPois
                  | MR+} (Trog gifted it to you on level 1 of the Snake Pit)
 37544 | Snake:2  | Reached XP level 17. HP: 118/168 MP: 16/16
 39934 | Snake:3  | Noticed Vashnia
 39978 | Snake:3  | Killed Vashnia
 40777 | Snake:3  | Received a gift from Trog
 41274 | Snake:4  | Entered Level 4 of the Snake Pit
 43567 | Snake:4  | HP: 3/172 [naga sharpshooter/bolt (13)]
 43567 | Snake:4  | Slain by a naga warrior

Illustrated notes

Levels and vault maps discovered:
D:1:      saegor_arrival_simple_b, layout_loops_ring, serial_bayou_lagoon_a
D:2:      minmay_skewed_foursquare, layout_basic,
          chequers_ecumenical_altar_simple_redux, first_ration
D:3:      layout_basic
D:4:      gammafunk_wand_slinger, layout_loops_ring, uniq_blork_the_orc
D:5:      layout_loops_cross, minmay_temple_entry_statues_pillars, serial_shops,
          nicolae_shop_waterfront, basic_altar
D:6:      layout_loops_ring, kennysheep_little_box, serial_shops,
          nicolae_shop_crystal, nicolae_shop_behind_doors, shop, shop, shop,
          led_sif_pool, uniq_crazy_yiuf_cottage
D:7:      layout_basic, serial_shops, shop_statue, grunt_livestock
D:8:      layout_gridville, lair_entry_dummy, serial_shops,
          kennysheep_mini_moat, minmay_misc_feat_room, uniq_maggie, uniq_erica
D:9:      layout_rooms, uniq_harold, uniq_joseph
D:10:     layout_roguey [special_room_orc], basic_altar, uniq_psyche, uniq_grum,
          uniq_urug
D:11:     layout_basic, uniq_maurice
D:12:     layout_long_grid, david_orc_4
D:13:     layout_basic, uniq_josephine, uniq_jorgrun, uniq_sonja
D:14:     layout_loops_ring, skrybe_vaults_entry_preservation, special_room
          [special_room_orc], serial_park_avenue1, drop_trap
D:15:     grunt_enter_depths_hoard, layout_basic, grunt_decor_clamped,
          basic_altar
Lair:1:   layout_long_grid
Lair:2:   layout_chaotic_city, minmay_swamp_entry_reptiles, dummy_snake_entry,
          lemuel_fruit_fields, grunt_megastairs_4, infiniplex_staircase_pool_2,
          uniq_nergalle
Lair:3:   layout_chaotic_city
Lair:4:   layout_gridlike, lightli_volcano_entry_magma_tube,
          ebering_ghost_inner_flame, gauntlet_entry_generic, special_room
          [special_room_mythical_zoo], beast_lair_carwin_8
Lair:5:   layout_roguey, lemuel_fruit_tree
Lair:6:   evilmike_catoblepas_cave, layout_layer_cave, slime_altar_1,
          grunt_megastairs_5, uniq_kirke
Swamp:1:  layout_falls_marsh, hangedman_swamp_diagram, swamp_pool4
Swamp:2:  layout_basic_swamp, evilmike_swamp_ruin_house_3
Swamp:3:  layout_basic_swamp, gammafunk_ghost_arena, hangedman_swamp_pad
Swamp:4:  swamp, layout_basic_swamp, swamp_pool5
Snake:1:  nicolae_snakescales, layout_layer_cave, minmay_shoptagon
Snake:2:  layout_cave_town, drop_trap
Snake:3:  layout_grid_maze, uniq_vashnia
Snake:4:  johnstein_snake_rune_scales, layout_cave_town, st_stairs_12
Orc:1:    layout_caves, gammafunk_ghost_wrathful_warriors, serial_shops, shop,
          shop, nicolae_shop_crystal
Orc:2:    st_orc_rangers, layout_diamond_mine, serial_shops, shop,
          nicolae_shop_stone, shop, shop, shop_fountains, hangedman_minor_magic

Skill      XL: |  1  2  3  4  5  6  7  8  9 10 11 12 13 14 15 16 17 |
---------------+----------------------------------------------------+-----
Fighting       | 4 5 6 8 9 11 12 13 16 17 19 20 | 20.6
Axes           | 4 5 6 8 10 12 14 16 17 18 | 18.0
Armour         | 3 4 5 7 8 10 12 13 14 16 17 18 20 | 20.4
Evocations     | 1 |  1.1
Shields        | 4 6 9 11 13 15 | 15.0
Dodging        | |  2.1

Action                   |  1- 3 |  4- 6 |  7- 9 | 10-12 | 13-15 | 16-18 || total
-------------------------+-------+-------+-------+-------+-------+-------++-------
Melee: Hand axe          |    51 |   124 |       |       |       |       ||   175
       Headbutt          |     7 |    28 |    52 |   139 |   295 |   245 ||   766
       Broad axe         |       |    11 |   195 |   688 |  1362 |   340 ||  2596
       Scimitar          |       |       |       |     7 |     5 |    66 ||    78
       Unarmed           |       |       |       |       |     7 |       ||     7
       War axe           |       |       |       |       |       |   624 ||   624
Throw: Boomerang         |       |       |       |     1 |       |       ||     1
Invok: Berserk           |       |     1 |     2 |     9 |     8 |     7 ||    27
       Trog's Hand       |       |     1 |       |     3 |     3 |     3 ||    10
 Abil: Blink             |       |       |       |       |     1 |     1 ||     2
Evoke: Wand              |       |       |     5 |     2 |     1 |     3 ||    11
  Use: Scroll            |       |       |     7 |    16 |     8 |     8 ||    39
       Potion            |       |       |       |     7 |     5 |     7 ||    19
 Stab: Invisible         |       |       |     2 |       |       |       ||     2
       Paralysed         |       |       |       |     3 |       |       ||     3
       Confused          |       |       |       |       |     3 |       ||     3
  Eat: Chunk             |       |     8 |     9 |    28 |    56 |    22 ||   123
       Ration            |       |     1 |       |     4 |     2 |     6 ||    13
Armor: Chain mail        |    30 |    74 |   115 |    61 |       |       ||   280
       Animal skin       |     2 |       |       |       |       |       ||     2
       Plate armour      |       |       |       |   362 |   311 |       ||   673
       Ring mail         |       |       |       |     4 |       |       ||     4
       Skin              |       |       |       |     4 |       |       ||     4
       Crystal plate arm |       |       |       |       |   512 |   708 ||  1220
Dodge: Dodged            |    29 |    58 |    87 |   197 |   276 |   241 ||   888
Block: Kite shield       |       |       |       |   253 |   728 |   749 ||  1730
       Rpst.: Scimitar   |       |       |       |     1 |     1 |     6 ||     8
